Map: Blueshift LE

Players

Odin - Winner!

  • Race: Protoss Protoss
  • League: Gold
  • Spawn Location: 7:00

keyser

  • Race: Protoss Protoss
  • League: Gold
  • Spawn Location: 1:00

VOD

Have the link to the VOD?

Description

Time

  • Played on: Dec. 12, 2018, 11:55 p.m.
  • Length: 5:01
Show
View Real Time Build Order
Export as new Build Order

Odin Protoss - Winner!

Build Orders: Double Forge 

Get SALT Encoding   

  12  0:00  Unknown x5  
  12  0:03  Unknown  
  12  0:04  Probe  
  13  0:16  Pylon  
  13  0:32  Assimilator  
  13  0:35  Robotics Facility  
  13  0:43  Probe  
  14  0:55  Probe  
  15  1:04  Probe  
  16  1:17  Pylon  
  16  1:25  Stargate, Probe  
  17  1:34  Probe  
  18  1:43  Immortal  
  18  1:46  Assimilator  
  22  1:52  Probe  
  23  2:05  Probe  
  27  2:22  Unknown, Robotics Bay  
  27  2:25  Fleet Beacon  
  27  2:32  Probe, Unknown  
  27  2:35  Unknown  
  28  2:41  Probe  
  28  2:46  Observer  
  28  2:49  Probe  
  30  2:55  Unknown  
  34  3:11  Unknown  
  34  3:12  Unknown  
  34  3:13  Forge  
  34  3:16  Forge  
  34  3:19  Probe  
  34  3:25  Unknown  
  35  3:28  Probe, Unknown  
  36  3:38  Graviton Catapult  
  40  3:49  Immortal  
  40  3:54  Unknown  
  40  3:55  Unknown  
  40  3:57  Unknown  
  40  4:11  Unknown  
  36  4:24  Unknown  
  36  4:28  Unknown x2  
  36  4:35  Unknown  
Show
View Real Time Build Order
Export as new Build Order

keyser Protoss 

Build Orders:  

Get SALT Encoding   

  12  0:00  Unknown  
  12  0:03  Unknown  
  12  0:04  Probe  
  13  0:19  Probe  
  13  0:22  Pylon  
  14  0:30  Probe  
  15  0:40  Probe  
  15  0:41  Gateway  
  15  0:49  Probe  
  16  0:52  Unknown  
  17  1:02  Probe  
  18  1:12  Probe  
  19  1:19  Unknown  
  19  1:20  Probe  
  20  1:30  Gateway  
  20  1:40  Warp Gate  
  22  2:01  Cybernetics Core  
  22  2:12  Nexus, Unknown  
  22  2:16  Unknown  
  22  2:17  Probe  
  23  2:43  Stargate  
  23  2:48  Pylon  
  23  3:06  Pylon  
  27  3:13  Gateway  
  27  3:18  Probe  
  27  3:26  Probe  
  31  3:35  Probe  
  32  3:44  Probe  
  32  3:47  Pylon  
  30  3:54  Unknown  
  31  3:57  Unknown  
  31  4:04  Unknown x4  
  31  4:11  Unknown  
  31  4:18  Unknown  
  31  4:19  Unknown  
  11  4:34  Unknown x3  
Tags
 
League
GoldGold
Matchup
PvP
Spawn Locations
Cross Positions
Add a new tag
Caveats
  • Supply blocks, unpowered buildings, or Contaminate may cause inaccurate times.
  • Supply counts are checked every 10 seconds.